 Dungeon Crawl Stone Soup version 0.29-a0-872-g797fff5ad1 (webtiles) character file.

Game seed: 15685737581221621099

149 raph the Thaumaturge (level 5, 0/41 HPs)
             Began as a Gnoll Wanderer on July 18, 2022.
             Was a Follower of Uskayaw.
             Slain by Grinder (3 damage)
             ... on level 3 of the Dungeon.
             The game lasted 00:03:51 (3046 turns).

raph the Thaumaturge (Gnoll Wanderer)               Turns: 3046, Time: 00:03:51

Health: 0/41       AC:  8    Str: 13    XL:     5   Next: 31%
Magic:  16/16      EV: 10    Int: 11    God:    Uskayaw [*.....]
Gold:   129        SH:  0    Dex: 12    Spells: 19/22 levels left

rFire   + . .      SeeInvis .   r - +0 long sword
rCold   . . .      Faith    .   (no shield)
rNeg    . . .      Spirit   .   s - +0 ring mail {rF+}
rPois   .          Reflect  .   (no helmet)
rElec   .          Harm     .   i - +2 cloak
rCorr   .          Rampage  .   (no gloves)
Will    .....                   (no boots)
Stlth   +.........              h - amulet of the acrobat
HPRegen 0.13/turn               (no ring)
MPRegen 0.15/turn               (no ring)

@: mighty, hasted, very quick
A: fangs 1, strong nose, distributed training
a: Renounce Religion, Stomp


You were on level 3 of the Dungeon.
You worshipped Uskayaw.
Uskayaw was noncommittal.
You visited 1 branch of the dungeon, and saw 3 of its levels.

You collected 129 gold pieces.

Inventory:

Hand Weapons
 a - a +1 vorpal dagger
 r - a +0 long sword (weapon)
Missiles
 b - 3 curare-tipped darts (quivered)
 o - 2 throwing nets
 t - 3 poisoned darts
Armour
 d - a +0 leather armour
 g - an orb of wrath
 i - a +2 cloak (worn)
 s - a +0 ring mail of fire resistance (worn)
Jewellery
 h - an amulet of the acrobat (around neck)
Scrolls
 k - a scroll of fog
Potions
 e - 2 potions of flight
 f - a potion of magic
 l - 2 potions of brilliance {unknown}
 m - a potion of heal wounds {unknown}
 n - a potion of lignification {unknown}
 p - a potion of resistance {unknown}
 q - 2 potions of attraction {unknown}
 u - 2 potions of cancellation {unknown}
 v - a potion of berserk rage {unknown}


   Skills:
 + Level 3.0 Fighting
 + Level 1.5 Short Blades
 + Level 1.5 Long Blades
 + Level 1.5 Axes
 + Level 1.5 Maces & Flails
 + Level 1.5 Polearms
 + Level 1.5 Staves
 + Level 1.5 Ranged Weapons
 + Level 8.6 Throwing
 + Level 3.0 Armour
 + Level 1.5 Dodging
 + Level 1.5 Stealth
 + Level 1.5 Shields
 + Level 1.5 Unarmed Combat
 + Level 9.4 Spellcasting
 + Level 1.2 Conjurations
 + Level 1.2 Hexes
 + Level 1.2 Summonings
 + Level 1.2 Necromancy
 + Level 1.2 Translocations
 + Level 1.2 Transmutations
 + Level 1.2 Fire Magic
 + Level 1.2 Ice Magic
 + Level 1.2 Air Magic
 + Level 1.2 Earth Magic
 + Level 1.2 Poison Magic
 + Level 1.7 Invocations
 + Level 1.5 Evocations


You had 19 spell levels left.
You knew the following spells:

 Your Spells              Type           Power      Damage    Failure   Level
a - Call Canine Familiar  Summ           7%         N/A       45%         3

Your spell library contained the following spells:

 Spells                   Type           Power      Damage    Failure   Level
 Ozocubu's Armour         Ice            7%         N/A       45%         3
 Portal Projectile        Hex/Tloc       14%        N/A       45%         3
 Stone Arrow              Conj/Erth      14%        3d7       45%         3
 Animate Armour           Summ/Erth      14%        N/A       86%         4
 Leda's Liquefaction      Hex/Erth       3%         N/A       86%         4
 Ozocubu's Refrigeration  Ice            3%         4d5       100%        7
 Lehudib's Crystal Spear  Conj/Erth      3%         10d3      100%        8


Dungeon Overview and Level Annotations

Branches:
Dungeon (3/15)

Altars:
Uskayaw

Annotations:
D:3 Grinder


Innate Abilities, Weirdness & Mutations

You have very sharp teeth.
Your uncanny sense of smell can sniff out nearby items.
Your experience applies equally to all skills.


Message History

No target in view!
You see here a rat corpse.
Grinder comes into view.
Found a scroll of noise.
Grinder shouts!
A quokka comes into view.
You stomp with the beat, sending a shockwave through the revellers around you!
Grinder is moderately wounded.
You can no longer stomp with the beat.
Grinder blinks!
You barely miss Grinder. Your bite misses Grinder.
Grinder is moderately wounded.
Grinder gestures at you. Pain shoots through your body!
You feel yourself speed up. Grinder hits you.
You writhe in agony.
You hit Grinder.
Grinder is moderately wounded.
Grinder hits you.
You writhe in agony.
The quokka bites you.
You can now stomp with the beat.
You slash Grinder!
Grinder is heavily wounded.
The quokka misses you. Grinder hits you!
* * * LOW HITPOINT WARNING * * *
You writhe in agony.
* * * LOW HITPOINT WARNING * * *
You barely miss Grinder.
Grinder is heavily wounded.
The quokka bites you.
* * * LOW HITPOINT WARNING * * *
Grinder hits you but does no damage.
It was a potion of magic.
Magic courses through your body. The quokka closely misses you.
Grinder rolls her eyes.
Grinder says, "FISH!"
It was a potion of might.
You feel very mighty all of a sudden.
You slash Grinder!
Grinder is almost dead.
Grinder hits you.
You die...

### ##.##
##.#.##
##r#.#.##
##5#.#.#.##
#@#.###.#.##
#.#.##
##.#.##
#.#?##
##.#.##
#.#.##
##.#.##
#.#.# ∆
##.#.##
#.#.# ∆∆∆∆
##.#.# ##.#
##.#.### ##.
##.#.##.#
##.#†###.#


You could see Grinder and a quokka.

Vanquished Creatures
  9 adders
  2 worms (D:2)
  A dart slug (D:1)
  3 bats
  3 endoplasms
  7 goblins
  10 hobgoblins
  3 jackals (D:2)
  3 kobolds
  A quokka (D:1)
  7 ball pythons
  A frilled lizard (D:2)
  9 rats
59 creatures vanquished.

Vanquished Creatures (collateral kills)
  A worm (D:2)
1 creature vanquished.

Grand Total: 60 creatures vanquished

Notes
Turn   | Place    | Note
-------+----------+-------------------------------------------
     0 | D:1      | Reached skill level 9 in Spellcasting
     0 | D:1      | raph the Gnoll Wanderer began the quest for the Orb.
     0 | D:1      | raph set off with the following items: a +1 vorpal dagger,
                  | 3 curare-tipped darts, a potion of haste, a +0 leather
                  | armour.
     0 | D:1      | Reached XP level 1. HP: 17/17 MP: 10/10
   273 | D:1      | Found a faded altar of an unknown god.
   285 | D:1      | Reached XP level 2. HP: 23/23 MP: 12/12
   380 | D:1      | Prayed at the altar of an unknown god.
   380 | D:1      | Became a worshipper of Uskayaw the Reveller
   380 | D:1      | Reached * piety under Uskayaw
   390 | D:1      | You fall into a shaft and drop 1 floor!
   629 | D:1      | Reached ** piety under Uskayaw
   998 | D:2      | Reached XP level 3. HP: 14/28 MP: 13/13
  1208 | D:2      | Reached skill level 1 in Invocations
  1292 | D:2      | Learned a level 3 spell: Call Canine Familiar
  1423 | D:2      | Reached skill level 1 in Short Blades
  1423 | D:2      | Reached skill level 1 in Long Blades
  1423 | D:2      | Reached skill level 1 in Axes
  1423 | D:2      | Reached skill level 1 in Maces & Flails
  1423 | D:2      | Reached skill level 1 in Polearms
  1423 | D:2      | Reached skill level 1 in Staves
  1423 | D:2      | Reached skill level 1 in Ranged Weapons
  1423 | D:2      | Reached skill level 1 in Dodging
  1423 | D:2      | Reached skill level 1 in Stealth
  1423 | D:2      | Reached skill level 1 in Shields
  1423 | D:2      | Reached skill level 1 in Unarmed Combat
  1423 | D:2      | Reached skill level 1 in Evocations
  1623 | D:2      | Reached XP level 4. HP: 30/34 MP: 15/15
  1636 | D:2      | Reached *** piety under Uskayaw
  1743 | D:2      | Reached skill level 1 in Conjurations
  1743 | D:2      | Reached skill level 1 in Hexes
  1743 | D:2      | Reached skill level 1 in Summonings
  1743 | D:2      | Reached skill level 1 in Necromancy
  1743 | D:2      | Reached skill level 1 in Translocations
  1743 | D:2      | Reached skill level 1 in Transmutations
  1743 | D:2      | Reached skill level 1 in Fire Magic
  1743 | D:2      | Reached skill level 1 in Ice Magic
  1743 | D:2      | Reached skill level 1 in Air Magic
  1743 | D:2      | Reached skill level 1 in Earth Magic
  1743 | D:2      | Reached skill level 1 in Poison Magic
  2639 | D:3      | Reached XP level 5. HP: 23/40 MP: 16/16
  3033 | D:3      | Noticed Grinder
  3046 | D:3      | Slain by Grinder

Illustrated notes

Levels and vault maps discovered:
D:1:      elethiomel_arrival_diamonds, layout_rooms,
          hellmonk_ecumenical_altar_arch_garden
D:2:      cheibrodos_greedy_goblins, layout_loops_ring, st_stairs_6
D:3:      minmay_inner_zag, layout_loops_corners, makhleb_altar_promises_db,
          minmay_snake_closets, uniq_grinder

Skill      XL: |  1  2  3  4  5 |
---------------+----------------+-----
Spellcasting   | |  9.4
Invocations    | 1 |  1.7
Short Blades   | 1 |  1.5
Long Blades    | 1 |  1.5
Axes           | 1 |  1.5
Maces & Flails | 1 |  1.5
Polearms       | 1 |  1.5
Staves         | 1 |  1.5
Ranged Weapons | 1 |  1.5
Dodging        | 1 |  1.5
Stealth        | 1 |  1.5
Shields        | 1 |  1.5
Unarmed Combat | 1 |  1.5
Evocations     | 1 |  1.5
Conjurations   | 1 |  1.2
Hexes          | 1 |  1.2
Summonings     | 1 |  1.2
Necromancy     | 1 |  1.2
Translocations | 1 |  1.2
Transmutations | 1 |  1.2
Fire Magic     | 1 |  1.2
Ice Magic      | 1 |  1.2
Air Magic      | 1 |  1.2
Earth Magic    | 1 |  1.2
Poison Magic   | 1 |  1.2
Fighting       | 3 |  3.0
Armour         | 3 |  3.0
Throwing       | |  8.6

Action                   |  1- 3 |  4- 6 || total
-------------------------+-------+-------++-------
Melee: Dagger            |    96 |    35 ||   131
       Punch             |     2 |     2 ||     4
       Bite              |     6 |    16 ||    22
       Long sword        |       |    80 ||    80
 Cast: Call Canine Famil |     1 |       ||     1
Invok: Stomp             |       |     1 ||     1
  Use: Scroll            |     4 |     2 ||     6
       Potion            |       |     3 ||     3
 Stab: Paralysed         |       |     1 ||     1
Armor: Leather armour    |    23 |    25 ||    48
       Ring mail         |       |    33 ||    33
Dodge: Dodged            |    68 |    90 ||   158

Table legend: (Time is in decaauts)
 A = Elapsed time spent in this place.
 B = Non-inter-level travel time spent in this place.
 C = Inter-level travel time spent in this place.
 D = Time resting spent in this place.
 E = Time spent auto-exploring this place.
 F = Levels seen in this place.
 G = Mean time per level.
                   A        B        C        D        E       F      G
               +--------+--------+--------+--------+--------+-----+--------+
         Total |   3110 |   3042 |     68 |    924 |   1573 |   3 | 1036.7 |
       Dungeon |   3110 |   3042 |     68 |    924 |   1573 |   3 | 1036.7 |
               +--------+--------+--------+--------+--------+-----+--------+

Top non-repeatable levels by time:
     D:2: 1187 daAuts
     D:1: 1134 daAuts
     D:3: 788 daAuts
